 Dungeon Crawl Stone Soup version 0.31-a0-233-g139696dc86 (webtiles) character file.

Game seed: 9112190945567389253

429440 BubbleThief the Slayer (level 23, -21/240 HPs)
             Began as a Naga Ice Elementalist on July 5, 2023.
             Was the Champion of the Shining One.
             Hit by a large rock thrown by a stone giant (28 damage)
             ... while paralysed by a floating eye
             ... on level 2 of the Depths on July 9, 2023.
             The game lasted 02:46:48 (53071 turns).

BubbleThief the Slayer (Naga Ice Elementalist)     Turns: 53071, Time: 02:46:48

Health: -21/240    AC: 22    Str: 13    XL:     23   Next: 88%
Magic:  36/45      EV:  1    Int: 24    God:    the Shining One [******]
Gold:   4842       SH:  0    Dex: 32    Spells: 41/58 levels left

rFire   + . .        i - +9 double sword (freeze)
rCold   + + .        T - +3 warlock's mirror {omnireflect}
rNeg    + + +        Q - +2 robe {rC+ rF+}
rPois   +            D - +1 helmet of Acsili Ponlo {rPois Dex+3}
rElec   .            O - +0 cloak of Sonwetiu {Int+3 Dex+5}
rCorr   +            l - +2 pair of gloves {Str+3}
SInv    +            v - +2 barding {rC+}
Will    ++++.        x - amulet of regeneration
Stlth   ++           Z - +6 ring of dexterity
HPRegen 1.40/turn    U - ring "Faomuar" {Fly rPois Will++ rCorr}
MPRegen 0.29/turn

%: reflection
@: paralysed, divinely shielded, flying, glowing, very slow
A: AC +7, large, see invisible, deformed body, poison resistance, slowness 2,
spit poison 1, naga tail 2
}: 2/15 runes: serpentine, barnacled
a: Spit Poison, Renounce Religion, Divine Shield, Cleansing Flame, Summon Divine
Warrior


You were on level 2 of the Depths.
You worshipped the Shining One.
The Shining One was exalted by your worship.
You visited 10 branches of the dungeon, and saw 43 of its levels.
You visited the Abyss 1 time.
You visited 1 bazaar.
You also visited: Sewer and Ice Cave.

You collected 7135 gold pieces.
You spent 2268 gold pieces at shops.
You donated 25 gold pieces to Zin.

Inventory:

Hand Weapons
 h - a +1 double sword of flaming
 i - a +9 double sword of freezing (weapon)
 y - a +9 eudemon blade of holy wrath
Missiles
 k - a throwing net
Armour
 l - a +2 pair of gloves of strength (worn)
 u - a +2 kite shield of reflection
 v - a +2 barding of cold resistance (worn)
 C - a scarf of resistance
 D - the +1 helmet of Acsili Ponlo (worn) {rPois Dex+3}
   (You found it on level 4 of the Shoals)

   Dex:       It affects your dexterity (+3).
   rPois:     It protects you from poison.
 O - the +0 cloak of Sonwetiu (worn) {Int+3 Dex+5}
   (You bought it in a shop on level 2 of the Orcish Mines)

   Int:       It affects your intelligence (+3).
   Dex:       It affects your dexterity (+5).
 Q - a +2 robe of resistance (worn)
 T - the +3 warlock's mirror (worn) {omnireflect}
   (You bought it in a shop on level 2 of the Orcish Mines)

   Omnireflect: It can block and reflect piercing ranged attacks and magical
   attacks against the wielder's willpower.
Jewellery
 t - the ring "Piokygac" {rF+ rN+ Int+6}
   (You took it off a deep elf death mage on level 3 of the Elven Halls)

   [ring of intelligence]

   Int:       It affects your intelligence (+6).
   rF:        It protects you from fire.
   rN:        It protects you from negative energy.
 x - an amulet of regeneration (around neck)
 K - an amulet of magic regeneration
 P - the amulet "Vor Pep" {Reflect Str+3 Dex+5 SH+5}
   (You took it off a deep elf high priest on level 1 of the Elven Halls)

   [amulet of reflection]

   It reflects blocked missile attacks.
   Str:       It affects your strength (+3).
   Dex:       It affects your dexterity (+5).
   SH:        It affects your SH (+5).
 U - the ring "Faomuar" (right hand) {Fly rPois Will++ rCorr}
   (You found it in an ice cave)

   [ring of flight]

   rPois:     It protects you from poison.
   Fly:       It grants you flight.
   rCorr:     It protects you from acid and corrosion.
   Will:      It greatly increases your willpower.
 V - the ring "Qinithra" {Ice Slay+2}
   (You found it in an ice cave)

   [ring of ice]

   It enhances your ice magic.
   Slay:      It affects your accuracy & damage with ranged weapons and melee
   (+2).
   rF:        It makes you vulnerable to fire.
   rC:        It protects you from cold.
 W - a ring of positive energy
 Z - a +6 ring of dexterity (left hand)
Wands
 B - a wand of digging (17)
 I - a wand of light (25)
 R - a wand of mindburst (9)
Scrolls
 d - a scroll of enchant weapon
 e - 6 scrolls of teleportation
 g - 12 scrolls of fog
 j - 28 scrolls of identify
 m - 7 scrolls of fear
 n - 3 scrolls of revelation
 z - a scroll of brand weapon
 A - 7 scrolls of amnesia
 F - 6 scrolls of poison
 H - 3 scrolls of butterflies
 J - a scroll of enchant armour
 N - a scroll of blinking
Potions
 b - 2 potions of magic
 c - 10 potions of attraction
 f - 15 potions of curing
 o - 4 potions of invisibility
 p - 5 potions of brilliance
 q - 5 potions of might
 r - 3 potions of enlightenment
 s - 13 potions of heal wounds
 w - 9 potions of mutation
 E - 6 potions of lignification
 G - a potion of ambrosia
 L - 7 potions of resistance
 M - 6 potions of haste
 S - 2 potions of cancellation
Miscellaneous
 a - a phantom mirror


   Skills:
 + Level 21.3 Fighting
 + Level 18.0 Long Blades
 - Level 1.5 Dodging
 - Level 3.0 Stealth
 + Level 13.3 Shields
 - Level 18.0 Spellcasting
 - Level 21.0 Ice Magic
 - Level 9.0 Invocations


You had 41 spell levels left.
You knew the following spells:

 Your Spells              Type           Power      Damage    Failure   Level
b - Frozen Ramparts       Ice            100%       1d16      0%          3
c - Ozocubu's Armour      Ice            89%        N/A       0%          3
d - Summon Ice Beast      Ice/Summ       64%        N/A       1%          4
e - Ozocubu's Refrigerat  Ice            44%        4d17      1%          7

Your spell library contained the following spells:

 Spells                   Type           Power      Damage    Failure   Level
 Freeze                   Ice            100%       1d10      0%          1
 Hailstorm                Conj/Ice       64%        3d14      1%          3
 Ice Form                 Ice/Tmut       64%        N/A       1%          4
 Apportation              Tloc           42%        N/A       2%          1
 Beastly Appendage        Tmut           42%        N/A       2%          1
 Necrotise                Necr           84%        1d8       2%          1
 Summon Small Mammal      Summ           84%        N/A       2%          1
 Blink                    Tloc           42%        N/A       4%          2
 Call Imp                 Summ           42%        N/A       4%          2
 Lesser Beckoning         Tloc           42%        N/A       4%          2
 Momentum Strike          Conj/Tloc      42%        3d9       4%          2
 Static Discharge         Conj/Air       42%        2-4/arc   4%          2
 Wereblood                Tmut           21%        N/A       4%          2
 Simulacrum               Ice/Necr       32%        N/A       5%          6
 Dazzling Flash           Conj/Hex       42%        N/A       9%          3
 Gell's Gravitas          Tloc           21%        N/A       9%          3
 Ignite Poison            Fire/Tmut/Pois 21%        N/A       9%          3
 Spider Form              Tmut/Pois      21%        N/A       9%          3
 Summon Guardian Golem    Hex/Summ       21%        N/A       9%          3
 Teleport Other           Tloc           21%        N/A       9%          3
 Vhi's Electric Charge    Tloc/Air       42%        N/A       9%          3
 Volatile Blastmotes      Fire/Tloc      42%        2d13      9%          3
 Airstrike                Air            10%        2d(2-18)  26%         4
 Anguish                  Hex/Necr       10%        N/A       26%         4
 Animate Armour           Summ/Erth      42%        N/A       26%         4
 Cause Fear               Hex            10%        N/A       26%         4
 Iskenderun's Mystic Bla  Conj/Tloc      21%        2d6       26%         4
 Manifold Assault         Tloc           21%        N/A       26%         4
 Olgreb's Toxic Radiance  Pois           21%        N/A       26%         4
 Sticky Flame             Conj/Fire      21%        2d4       26%         4
 Summon Lightning Spire   Summ/Air       21%        N/A       26%         4
 Alistair's Intoxication  Tmut/Pois      14%        N/A       58%         5
 Arcjolt                  Conj/Air       10%        1d20      58%         5
 Blade Hands              Tmut           10%        N/A       58%         5
 Borgnjor's Vile Clutch   Necr/Erth      10%        N/A       58%         5
 Summon Mana Viper        Hex/Summ       21%        N/A       58%         5
 Conjure Ball Lightning   Conj/Air       10%        3x3d6     99%         6
 Dispersal                Tloc           10%        N/A       99%         6
 Eringya's Noxious Bog    Tmut/Pois      10%        4d6       99%         6
 Plasma Beam              Fire/Air       10%        2x1d21    99%         6
 Starburst                Conj/Fire      10%        6d5       99%         6
 Enfeeble                 Hex            10%        N/A       100%        7
 Orb of Destruction       Conj           10%        9d6       100%        7
 Spellforged Servitor     Conj/Summ      10%        N/A       100%        7
 Storm Form               Tmut/Air       10%        N/A       100%        7
 Discord                  Hex            10%        N/A       100%        8
 Disjunction              Tloc           10%        N/A       100%        8
 Ignition                 Fire           10%        3d5       100%        8
 Maxwell's Capacitive Co  Air            10%        ∞         100%        8
 Summon Horrible Things   Summ           10%        N/A       100%        8


Dungeon Overview and Level Annotations

Branches:
Dungeon (15/15)            Temple (1/1) D:4            Lair (5/5) D:9
 Shoals (4/4) Lair:2        Snake (4/4) Lair:3        Slime (0/5) Lair:4
    Orc (2/2) D:10            Elf (3/3) Orc:2        Vaults (4/5) D:14
  Crypt (3/3) Vaults:3       Tomb (0/3) Crypt:3      Depths (2/4) D:15
  Sewer (visited)           IceCv (visited)

Altars:
Ashenzari
Cheibriados
Dithmenos
Elyvilon
Fedhas
Gozag
Hepliaklqana
Kikubaaqudgha
Makhleb
Nemelex Xobeh
Okawaru
Qazlal
Ru
Sif Muna
Trog
Uskayaw
Vehumet
Wu Jian
Xom
Yredelemnul
Zin
The Shining One
Jiyva

Shops:
D:3 (   D:5 ==(!   D:6 [   D:10 [:   Orc:1 !   Orc:2 :[:[   Elf:2 (
Snake:1 =(*   Snake:4 ((   Vaults:2 =   Vaults:4 [

Portals:
Hell: Depths:1 Depths:2

Annotations:
D:3 1 runed translucent door
D:12 2 transporters
D:14 3 runed translucent doors, Brisketman's ghost, journeyman MfGl
Vaults:4 3 runed translucent doors, Kevimi's ghost, adept FeNe
Crypt:1 2 transporters, exclusion: obsidian statue
Crypt:3 2 transporters, Gacleu's ghost, adept GrFi


Innate Abilities, Weirdness & Mutations

Your serpentine skin is tough. (AC +7)
You have supernaturally acute eyesight. (SInv)
Armour fits poorly on your strangely shaped body.
Your system is resistant to poisons. (rPois)
You cover ground very slowly.
You can spit poison.
You can use your snake-like lower body to constrict enemies.


Message History

* * * LOW HITPOINT WARNING * * *
The deep troll earth mage points next to you and mumbles some strange words.
The wall shatters!
You block the blast of rock fragments.
You hear a shout!
Unknown command.
You feel much better.
Your surroundings suddenly seem different.
A floating eye, an ice dragon and a frost giant come into view.
The frost giant is wielding a +1 battleaxe of freezing.
Found six items.
The frost giant shouts!
The ice dragon roars deafeningly!
The floating eye turns its gaze towards you.
You hear a shout!
You hear a grinding noise.
You hear a shout!
You hear a loud rustle.
You hear a deafening roar!
You hear a shout!
You slash the floating eye! You freeze the floating eye.
You grab the floating eye.
The floating eye is heavily wounded.
You constrict the floating eye.
A stone giant comes into view.
The frost giant casts a spell at you. The bolt of cold hits you! You resist.
* * * LOW HITPOINT WARNING * * *
The floating eye's view fixates on you.
You hit the floating eye but do no damage.
The floating eye is heavily wounded.
You constrict the floating eye.
A titan comes into view.
The floating eye gazes piercingly through you!
You suddenly lose the ability to move!
You lose your grip on the floating eye.
A stone giant comes into view.
The titan shouts!
The titan waves its arms in wide circles.
The air twists around and strikes you!
* * * LOW HITPOINT WARNING * * *
You hear a shout!
The ice dragon bites you but does no damage.
The ice dragon claws you but does no damage.
The ice dragon tramples you but does no damage.
The stone giant throws a large rock.
The large rock hits you!!
You die...

.. ##..............##
...#................#
.....................
#...)..)[............
#......<†......#.....
#........)...........
.C##++####........####++
......#)G#..####..#
......D@/#..# #..#
####...C##..# #..#
#........+... ...+
#.??.....+...
#.C8$.#C.### ...:).#..#
......#... ...####...
+##....### .......∩..


You could see a titan, a frost giant, an ice dragon, 2 stone giants and a
floating eye.

Vanquished Creatures
  Mara (Shoals:3)
  Frederick (Crypt:1)
  Vashnia (Snake:2)
  2 curse toes (Crypt:3)
  Jorgrun (Snake:3)
  Asterion (Snake:3)
  2 liches
  Mlioglotl (Snake:4)
  2 deep elf blademasters (Elf:3)
  2 deep elf master archers (Elf:3)
  A titan (Depths:1)
  2 tentacled starspawn (Abyss:2)
  10 ancient champions
  3 sphinxes
  2 shadow dragons
  2 tengu reavers
  A storm dragon (Elf:1)
  3 revenants (Crypt:3)
  A daeva (Abyss:2)
  3 nagarajas
  2 azure jellies (IceCv)
  3 deep elf sorcerers (Elf:3)
  8 vault wardens
  Aizul (Snake:1)
  3 curse skulls
  Louise (Snake:3)
  2 deep elf elementalists (Elf:3)
  4 ghouls
  2 orc warlords
  A spriggan defender (Depths:1)
  2 quicksilver oozes (IceCv)
  2 war gargoyles (Vaults:2)
  5 stone giants
  3 very ugly things
  3 reapers
  20 ironbound preservers
  6 ironbound thunderhulks
  3 formless jellyfish (Vaults:1)
  5 vampire knights
  8 deep elf demonologists
  6 deep elf annihilators (Elf:3)
  23 dire elephants
  3 eidola
  12 deep elf death magi
  Josephine (D:13)
  9 jiangshi
  4 merfolk impalers
  4 merfolk javelineers (Shoals:4)
  3 fire dragons
  9 yaktaur captains
  2 mummy priests (Crypt:3)
  6 great orbs of eyes
  2 ettins
  3 ice dragons
  4 deep elf high priests
  3 rakshasas
  2 peacekeepers (Vaults:2)
  4 hydras
  2 salamander tyrants (Snake:4)
  A catoblepas (D:14)
  Erolcha (D:12)
  A death knight (Crypt:1)
  10 vault guards
  2 ogre magi
  28 centaur warriors
  5 ironbound frosthearts
  15 anacondas
  5 alligator snapping turtles
  9 merfolk aquamancers
  A merfolk avatar (Shoals:3)
  4 boulder beetles
  31 dancing weapons
  6 death yaks (Lair:1)
  4 vampire magi
  A satyr (Shoals:4)
  3 two-headed ogres
  3 deep troll earth magi
  13 naga warriors
  2 spriggan berserkers (Depths:1)
  5 tengu warriors
  7 orc high priests
  Urug (Orc:1)
  3 deep troll shamans
  A hell hog (Abyss:2)
  4 thrashing horrors (Abyss:2)
  3 soul eaters
  16 deep elf knights
  14 naga sharpshooters
  20 shock serpents
  3 shadow wraiths (Crypt:2)
  6 skysharks
  3 salamander mystics
  18 skeletal warriors
  51 deep trolls
  9 sea snakes
  2 bunyip zombies (Crypt:3)
  5 flayed ghosts
  2 glowing orange brains
  A spriggan druid (Elf:1)
  11 wizards
  13 orc knights
  2 bog bodies (Crypt:3)
  A kraken simulacrum (Shoals:4)
  Pikel (D:8)
  21 ironbound convokers
  21 deep elf zephyrmancers
  7 naga ritualists
  10 phantasmal warriors
  5 deep elf archers
  9 lindwurms
  10 harpies
  A wolf spider (D:15)
  25 deep elf pyromancers
  12 mana vipers
  22 ugly things
  A faun (Shoals:2)
  2 orc sorcerers
  A stone giant skeleton (Crypt:3)
  9 manticores
  15 salamanders
  7 cyclopes
  3 ice statues (IceCv)
  15 elephants
  An eye of devastation (shapeshifter) (Depths:1)
  15 vault sentinels
  4 merfolk sirens
  A smoke demon (Abyss:2)
  46 black mambas
  9 guardian serpents
  An orange demon (Abyss:2)
  A water nymph (Shoals:2)
  A gargoyle (D:13)
  12 naga magi
  9 cane toads
  Maggie (D:8)
  4 rime drakes
  4 efreet
  4 torpor snails (Lair:5)
  2 unseen horrors
  An ancient zyme (Abyss:2)
  28 yaktaurs
  6 komodo dragons
  A tengu conjurer (D:10)
  A yellow draconian zombie (Crypt:3)
  2 freezing wraiths (Crypt:1)
  An anaconda simulacrum (Crypt:3)
  An iron troll zombie (Crypt:2)
  5 guardian mummies (Crypt:3)
  A harpy zombie (Crypt:3)
  An iron troll skeleton (Crypt:2)
  6 polar bears
  5 trolls
  20 merfolk
  3 tyrant leeches (Lair:5)
  7 hornets
  A queen bee (D:10)
  7 wind drakes
  3 raiju (Abyss:2)
  6 snapping turtles
  7 blink frogs (Lair:3)
  A radroach zombie (Crypt:3)
  2 culicivora zombies (Crypt:2)
  15 dream sheep
  28 slime creatures
  8 flying skulls
  3 air elementals
  A guardian serpent skeleton (Crypt:1)
  A black mamba zombie (Crypt:3)
  An ettin skeleton (Crypt:3)
  52 yaks
  3 shadows
  8 wraiths
  3 vampires
  18 water elementals
  A fire bat (Abyss:2)
  A wind drake zombie (Crypt:3)
  A ynoxinul (Abyss:2)
  An alligator skeleton (Crypt:2)
  6 wyverns
  4 ushabtiu (Crypt:3)
  6 basilisks
  12 vampire mosquitoes
  A chaos spawn (Abyss:2)
  3 large abominations
  A neqoxec (Abyss:2)
  2 steam dragons
  A fire bat zombie (Crypt:3)
  A faun zombie (Crypt:2)
  A skyshark zombie (Crypt:3)
  A glowing shapeshifter zombie (Crypt:2)
  An acid dragon (D:10)
  36 nagas
  17 water moccasins
  An ice beast (Vaults:3)
  2 black bears
  A sky beast (D:6)
  An elephant zombie (Crypt:1)
  36 orc warriors
  A black bear (shapeshifter) (Elf:2)
  4 great orb of eyes simulacra (IceCv)
  An ogre (D:7)
  12 wolves
  7 boggarts
  13 centaurs
  The ghost of AltDragon the Insei, an amateur OpTm (D:3)
  2 kobold brigands
  A rime drake zombie (Crypt:1)
  A lemure (D:8)
  An elf zombie (Crypt:1)
  A salamander zombie (Crypt:1)
  A gnoll sergeant (D:10)
  12 bullfrogs
  5 earth elementals
  2 scorpions
  4 glowing shapeshifter simulacra (IceCv)
  10 wights
  16 killer bees (D:10)
  7 howler monkeys
  A raiju skeleton (Crypt:1)
  An electric eel (Lair:4)
  3 hounds
  A jelly (D:7)
  A wolf skeleton (Crypt:1)
  2 centaur skeletons (Crypt:3)
  27 orc priests
  A gnoll bouda (Orc:1)
  A boggart zombie (Crypt:1)
  2 iguanas
  12 orc wizards
  10 hell rats (Lair:3)
  3 shapeshifter simulacra (IceCv)
  A killer bee zombie (Crypt:2)
  An ogre zombie (Crypt:1)
  A naga zombie (Crypt:1)
  A nameless horror (Orc:2)
  A deep dwarf skeleton (Crypt:3)
  8 adders
  6 gnolls
  5 river rats
  2 swamp drake skeletons (Crypt:3)
  A shadow imp (D:5)
  4 white imps
  2 ufetubi
  3 dart slugs
  5 worms
  83 orcs
  8 bats
  5 endoplasms
  5 giant cockroaches
  9 goblins
  10 hobgoblins
  3 jackals (D:2)
  24 kobolds
  2 quokkas
  9 ball pythons
  4 frilled lizards
  A kobold zombie (Crypt:2)
  8 rats
  A spectral goblin (D:1)
  2 starspawn tentacles (Abyss:2)
  A tentacle (Shoals:4)
1664 creatures vanquished.

Vanquished Creatures (collateral kills)
  A sphinx (D:14)
  An ettin (Orc:2)
  A merfolk impaler (Shoals:4)
  A naga warrior (Snake:2)
  A salamander mystic (Snake:3)
  3 skeletal warriors
  A naga ritualist (Snake:1)
  3 orc knights (Orc:2)
  A harpy (Shoals:2)
  A cyclops (Orc:2)
  A merfolk siren (Shoals:4)
  A naga mage (Snake:3)
  A torpor snail (Lair:5)
  A komodo dragon (Lair:5)
  A troll (Orc:1)
  A merfolk (Shoals:4)
  A hornet (Lair:5)
  2 dream sheep
  9 slime creatures
  A wraith (D:9)
  10 yaks
  A basilisk (Lair:1)
  A naga (Lair:3)
  6 orc warriors
  A glowing shapeshifter simulacrum (IceCv)
  A wight (D:10)
  3 orc priests
  An orc wizard (Orc:2)
  A hell rat (Lair:3)
  5 gnolls
  8 orcs
71 creatures vanquished.

Vanquished Creatures (others)
  A hydra (D:10)
  A deep elf archer (Elf:3)
  A harpy (Shoals:2)
  A deep elf pyromancer (Elf:2)
  A black mamba (Snake:2)
  An orc warrior (D:10)
  A spectral weapon (Lair:2)
  6 starspawn tentacles (Abyss:2)
  3 tentacles (Shoals:4)
16 creatures vanquished.

Grand Total: 1751 creatures vanquished

Notes
Turn   | Place    | Note
-------+----------+-------------------------------------------
     0 | D:1      | BubbleThief the Naga Ice Elementalist began the quest for
                  | the Orb.
     0 | D:1      | Reached XP level 1. HP: 15/15 MP: 3/3
   104 | D:1      | Reached XP level 2. HP: 22/22 MP: 5/5
   381 | D:1      | Found a faded altar of an unknown god.
   793 | D:2      | Reached XP level 3. HP: 21/28 MP: 3/6
   797 | D:2      | Learned a level 3 spell: Frozen Ramparts
   939 | D:2      | Reached skill level 5 in Ice Magic
   939 | D:2      | Reached XP level 4. HP: 36/36 MP: 5/8
  1548 | D:2      | Learned a level 3 spell: Ozocubu's Armour
  1660 | D:3      | Upgraded the game from 0.31-a0-222-gefeffbb62a to
                  | 0.31-a0-232-gb1c03b2570
  1661 | D:3      | Identified a scroll of acquirement
  1661 | D:3      | Acquired a +6 spectral quarterstaff
  1679 | D:3      | Found a glowing drain.
  1766 | Sewer    | Entered a sewer
  1773 | Sewer    | Reached XP level 5. HP: 42/42 MP: 5/9
  2544 | D:3      | Found Icroc's Antique Weapon Shoppe.
  2627 | D:3      | Found a runed translucent door.
  2630 | D:3      | Noticed AltDragon's ghost (amateur OpTm)
  2780 | D:3      | Found a runed translucent door.
  3003 | D:4      | Found an iron altar of Okawaru.
  3197 | D:4      | You fall into a shaft and drop 2 floors!
  3240 | D:6      | Reached XP level 6. HP: 49/49 MP: 7/11
  3288 | D:6      | Noticed a sky beast
  3295 | D:6      | Killed a sky beast
  3396 | D:5      | Entered Level 5 of the Dungeon
  3617 | D:4      | Reached XP level 7. HP: 55/55 MP: 9/13
  3703 | D:4      | Found a staircase to the Ecumenical Temple.
  3716 | Temple   | Entered the Ecumenical Temple
  3808 | Temple   | Became a worshipper of Zin the Law-Giver
  3808 | Temple   | Reached * piety under Zin
  4145 | D:3      | Killed AltDragon's ghost
  4295 | D:5      | Found Lity Naz's Antique Weapon Emporium.
  4410 | D:5      | Found Tacvoumuch's Jewellery Shop.
  4731 | D:5      | Found Ninwyum's Distillery.
  5166 | D:5      | Found Fonguck's Jewellery Boutique.
  5490 | D:6      | Reached skill level 5 in Spellcasting
  5490 | D:6      | Reached XP level 8. HP: 62/62 MP: 11/15
  5682 | D:6      | Reached ** piety under Zin
  5913 | D:6      | Found Daigojak's Antique Armour Shoppe.
  5921 | D:6      | Bought an encrusted leather armour for 147 gold pieces
  5921 | D:6      | Identified the +0 leather armour "Yrghi" {rN++ Str+3 Int+4
                  | Dex-5} (You bought it in a shop on level 6 of the Dungeon)
  5979 | D:6      | Found a glowing golden altar of the Shining One.
  5979 | D:6      | Found a white marble altar of Elyvilon.
  5988 | D:6      | Fell from the grace of Zin
  5988 | D:6      | Became a worshipper of Elyvilon the Healer
  6260 | D:7      | Reached skill level 1 in Fighting
  6315 | D:7      | Reached * piety under Elyvilon
  6331 | D:7      | Reached XP level 9. HP: 73/73 MP: 14/18
  6359 | D:7      | Reached skill level 10 in Ice Magic
  6688 | D:7      | Found a shadowy altar of Dithmenos.
  6869 | D:8      | Found an ancient bone altar of Kikubaaqudgha.
  6926 | D:8      | Noticed Maggie
  6932 | D:8      | Killed Maggie
  6933 | D:8      | Reached skill level 5 in Fighting
  7116 | D:8      | Noticed Pikel
  7125 | D:8      | Killed Pikel
  7133 | D:8      | Learned a level 4 spell: Summon Ice Beast
  7215 | D:8      | Reached ** piety under Elyvilon
  7272 | D:8      | Reached XP level 10. HP: 96/96 MP: 19/19
  7645 | D:9      | Identified the +0 arbalest of Fenu {drain, Contam rF++
                  | Will+++}
  7857 | D:9      | Found a shimmering altar of Xom.
  7933 | D:9      | Found a staircase to the Lair.
  7961 | D:9      | Reached skill level 10 in Fighting
  8092 | D:9      | Found a broken altar of Ashenzari.
  8203 | D:9      | Found a hazy altar of Hepliaklqana.
  8612 | Lair:1   | Entered Level 1 of the Lair of Beasts
  8685 | Lair:1   | Reached skill level 1 in Invocations
  8785 | Lair:1   | Reached *** piety under Elyvilon
  8806 | Lair:1   | Reached XP level 11. HP: 111/111 MP: 16/20
  8951 | Lair:1   | Noticed a death yak
  8953 | Lair:1   | Noticed a death yak
  8954 | Lair:1   | Noticed a death yak
  8955 | Lair:1   | Noticed a death yak
  8955 | Lair:1   | Noticed a death yak
  8957 | Lair:1   | Noticed a death yak
  8962 | Lair:1   | Killed a death yak
  8963 | Lair:1   | Reached skill level 5 in Invocations
  8963 | Lair:1   | Killed a death yak
  8969 | Lair:1   | Killed a death yak
  8973 | Lair:1   | Killed a death yak
  8980 | Lair:1   | Killed a death yak
  8980 | Lair:1   | Killed a death yak
  9424 | Lair:1   | Reached XP level 12. HP: 110/126 MP: 17/21
  9976 | Lair:2   | Noticed a skyshark
  9988 | Lair:2   | Killed a skyshark
 10070 | Lair:2   | Reached **** piety under Elyvilon
 10159 | Lair:2   | Found a staircase to the Shoals.
 10668 | Lair:2   | Reached skill level 15 in Fighting
 11418 | Lair:3   | Found a staircase to the Snake Pit.
 11608 | Lair:3   | Reached ***** piety under Elyvilon
 11630 | Lair:3   | Gained mutation: You can use your snake-like lower body to
                  | constrict enemies. [Naga growth]
 11630 | Lair:3   | Reached XP level 13. HP: 116/139 MP: 17/23
 13004 | Lair:4   | Identified the +1 robe "Xuqao" {Rampage rF- Dex+2}
 13699 | Lair:4   | Found a viscous altar of Jiyva.
 13699 | Lair:4   | Found a staircase to the Slime Pits.
 13980 | Lair:5   | Entered Level 5 of the Lair of Beasts
 14504 | Lair:5   | Reached XP level 14. HP: 113/151 MP: 16/27
 14865 | Lair:5   | Found a runed translucent door.
 15659 | D:10     | Entered Level 10 of the Dungeon
 15879 | D:10     | Found a staircase to the Orcish Mines.
 15946 | D:10     | Found Suff's Armour Shop.
 16085 | D:10     | Reached ****** piety under Elyvilon
 16809 | D:10     | Found Xiblyq's Tiny Tomes.
 17114 | D:11     | Reached skill level 1 in Long Blades
 17114 | D:11     | Reached skill level 1 in Shields
 17651 | Orc:1    | Entered Level 1 of the Orcish Mines
 17651 | Orc:1    | Found Yteyhox's Distillery.
 17679 | Orc:1    | Noticed Urug
 17727 | Orc:1    | Killed Urug
 17810 | Orc:1    | Bought a potion of mutation for 120 gold pieces
 17810 | Orc:1    | Bought a potion of might for 60 gold pieces
 17810 | Orc:1    | Bought a potion of haste for 150 gold pieces
 17810 | Orc:1    | Bought a potion of curing for 45 gold pieces
 17810 | Orc:1    | Bought a potion of cancellation for 120 gold pieces
 18098 | Orc:2    | Entered Level 2 of the Orcish Mines
 18649 | Orc:2    | Found a staircase to the Elven Halls.
 18679 | Orc:2    | Reached skill level 5 in Long Blades
 18797 | Orc:2    | Reached XP level 15. HP: 127/160 MP: 28/28
 18803 | Orc:2    | Reached skill level 5 in Shields
 19329 | Orc:2    | Found Sasil's Book Boutique.
 19332 | Orc:2    | Found Piutujoy's Book Shop.
 19333 | Orc:2    | Found Plog's Armour Boutique.
 19334 | Orc:2    | Found Emomom's Armour Boutique.
 19346 | Orc:2    | Bought the +3 warlock's mirror {omnireflect} for 680 gold
                  | pieces
 19346 | Orc:2    | Found the +3 warlock's mirror {omnireflect}
 19361 | Orc:2    | Bought the +0 cloak of Sonwetiu {Int+3 Dex+5} for 424 gold
                  | pieces
 19567 | D:12     | Found a frozen archway.
 19602 | IceCv    | Entered an ice cave
 19813 | IceCv    | Identified the ring "Faomuar" {Fly rPois Will++ rCorr}
 20128 | IceCv    | Found a viscous altar of Jiyva.
 20128 | IceCv    | Noticed an azure jelly
 20144 | IceCv    | Killed an azure jelly
 20190 | IceCv    | Noticed an azure jelly
 20205 | IceCv    | Killed an azure jelly
 20213 | IceCv    | Identified the amulet "Ger Hint" {Spirit rCorr}
 20221 | IceCv    | Got the ring "Qinithra" {Ice Slay+2}
 20353 | D:12     | Found a transporter.
 20376 | D:12     | Noticed Erolcha
 20385 | D:12     | Killed Erolcha
 20455 | D:12     | Found a transporter.
 20732 | D:12     | Learned a level 7 spell: Ozocubu's Refrigeration
 21019 | D:13     | Found the +10 dark maul {heavy}
 21705 | D:13     | Noticed Josephine
 21729 | D:13     | Killed Josephine
 21937 | D:14     | Noticed a sphinx
 21951 | D:14     | Killed a sphinx
 22349 | D:14     | Reached skill level 10 in Long Blades
 22427 | D:14     | Found a runed translucent gate.
 22427 | D:14     | Found a runed translucent gate.
 22427 | D:14     | Found a runed translucent gate.
 22429 | D:14     | Noticed Brisketman's ghost (journeyman MfGl)
 22775 | D:14     | Found an iron altar of Okawaru.
 22918 | D:14     | Found a gate to the Vaults.
 23004 | D:15     | Entered Level 15 of the Dungeon
 23033 | D:14     | Reached XP level 16. HP: 123/169 MP: 14/29
 23771 | D:15     | Found a staircase to the Depths.
 24048 | D:15     | Found a shadowy altar of Dithmenos.
 24300 | Snake:1  | Entered Level 1 of the Snake Pit
 25052 | Snake:1  | Noticed Aizul
 25073 | Snake:1  | Killed Aizul
 25193 | Snake:1  | Found Terym's Weapon Boutique.
 25193 | Snake:1  | Found Umiept's Jewellery Shoppe.
 25213 | Snake:1  | Found Dahihuiv's General Store.
 25371 | Snake:2  | Reached skill level 10 in Spellcasting
 25588 | Snake:2  | Noticed Vashnia
 26471 | Snake:2  | Reached XP level 17. HP: 169/176 MP: 31/31
 26721 | Snake:2  | HP: 7/176 [Vashnia/arrow (31)]
 26735 | Snake:2  | Killed Vashnia
 27197 | Snake:3  | Noticed Asterion
 27198 | Snake:3  | Noticed Jorgrun
 27206 | Snake:3  | Killed Jorgrun
 27214 | Snake:3  | Killed Asterion
 27485 | Snake:3  | Noticed Louise
 27495 | Snake:3  | Killed Louise
 27760 | Snake:3  | Found a hazy altar of Hepliaklqana.
 28068 | Snake:4  | Entered Level 4 of the Snake Pit
 28353 | Snake:4  | Found Xuse Koe's Antique Weapon Emporium.
 28452 | Snake:4  | Found Foanylugg's Weapon Shoppe.
 28615 | Snake:4  | Noticed Mlioglotl
 28641 | Snake:4  | Killed Mlioglotl
 28890 | Snake:4  | Reached skill level 15 in Ice Magic
 29834 | Snake:4  | Reached XP level 18. HP: 185/187 MP: 12/34
 30280 | Snake:4  | Got a serpentine rune of Zot
 30631 | Shoals:1 | Entered Level 1 of the Shoals
 30718 | Shoals:2 | Found a flickering gateway to a bazaar.
 30733 | Bazaar   | Entered a bazaar
 30836 | Bazaar   | Found Qumiudu's Distillery.
 30836 | Bazaar   | Found Taetext's Antique Weapon Shoppe.
 30858 | Bazaar   | Found Ykoanas's General Store.
 30858 | Bazaar   | Found Fozuipp's Magic Scroll Shoppe.
 30880 | Bazaar   | Found Hiehie's Jewellery Emporium.
 30963 | Bazaar   | Bought a potion of invisibility for 56 gold pieces
 30971 | Bazaar   | Bought a scroll of teleportation for 27 gold pieces
 30971 | Bazaar   | Bought a scroll of enchant weapon for 67 gold pieces
 30986 | Bazaar   | Bought a potion of heal wounds for 60 gold pieces
 30986 | Bazaar   | Bought a potion of cancellation for 96 gold pieces
 30986 | Bazaar   | Bought a potion of resistance for 120 gold pieces
 30986 | Bazaar   | Bought a potion of might for 48 gold pieces
 30986 | Bazaar   | Bought a potion of might for 48 gold pieces
 31333 | Shoals:2 | Found a shimmering altar of Xom.
 32521 | Shoals:3 | Noticed Mara
 32524 | Shoals:3 | Upgraded the game from 0.31-a0-232-gb1c03b2570 to
                  | 0.31-a0-233-g139696dc86
 32535 | Shoals:3 | Noticed BubbleThief's illusion
 32545 | Shoals:3 | Killed Mara
 33165 | Shoals:4 | Entered Level 4 of the Shoals
 33767 | Shoals:4 | Identified the +1 helmet of Acsili Ponlo {rPois Dex+3}
 34118 | Shoals:4 | Reached XP level 19. HP: 159/198 MP: 7/36
 34245 | Shoals:4 | Got a barnacled rune of Zot
 34381 | Shoals:4 | Identified the staff of Exquisite Torment {Fly rElec Dex+2
                  | Conj}
 36056 | Vaults:1 | Entered Level 1 of the Vaults
 36560 | Vaults:1 | Paralysed by a formless jellyfish for 1 turns
 37191 | Vaults:1 | HP: 3/200 [yaktaur/bolt[a yaktaur captain] (23)]
 37192 | Vaults:1 | HP: 1/200 [yaktaur captain/bolt (25)]
 38345 | D:6      | Fell from the grace of Elyvilon
 38345 | D:6      | Became a worshipper of the Shining One
 38345 | D:6      | Reached * piety under the Shining One
 38345 | D:6      | Reached ** piety under the Shining One
 38345 | D:6      | Reached *** piety under the Shining One
 38828 | Vaults:2 | Reached skill level 15 in Long Blades
 38828 | Vaults:2 | Reached XP level 20. HP: 200/211 MP: 23/38
 39056 | Vaults:2 | Identified the +4 shortbow of the Shining Light {freeze,
                  | rN+}
 39569 | Vaults:2 | Found a transporter.
 39569 | Vaults:2 | Found Piufepuf's Jewellery Boutique.
 39571 | Vaults:2 | Found a transporter.
 39621 | Vaults:2 | You are sucked into a shaft and drop 2 floors!
 39627 | Vaults:4 | Reached skill level 15 in Spellcasting
 39778 | Vaults:4 | Reached **** piety under the Shining One
 41401 | Vaults:3 | Reached ***** piety under the Shining One
 41417 | Vaults:3 | Reached XP level 21. HP: 38/220 MP: 4/40
 41724 | Vaults:3 | Identified the staff "Wamoufis" {rF+ rN+ Dex+5 Fire}
 41787 | Vaults:3 | Found a staircase to the Crypt.
 41819 | Crypt:1  | Entered Level 1 of the Crypt
 41920 | Crypt:1  | Noticed Frederick
 41934 | Crypt:1  | Killed Frederick
 42049 | Crypt:1  | Found a transporter.
 42065 | Crypt:1  | Found a transporter.
 42258 | Crypt:1  | Reached ****** piety under the Shining One
 42289 | Crypt:1  | Identified a +6 eudemon blade of holy wrath (a +4 demon
                  | blade of electrocution blessed by the Shining One)
 42289 | Crypt:1  | Received a gift from the Shining One
 43306 | Crypt:2  | Identified the +0 buckler of Pantheism {rElec rPois Str-5
                  | Slay+4}
 43366 | Crypt:3  | Entered Level 3 of the Crypt
 43372 | Crypt:3  | Noticed Gacleu's ghost (adept GrFi)
 43373 | Crypt:3  | Found a transporter.
 43435 | Crypt:3  | Found a transporter.
 43708 | Crypt:2  | Reached skill level 10 in Shields
 44095 | Crypt:3  | Found a staircase to the Tomb.
 44249 | Crypt:3  | Found an ancient bone altar of Kikubaaqudgha.
 44374 | Crypt:3  | Identified the +0 plate armour "Wag Xeo" {rElec rC+}
 44577 | Crypt:3  | Noticed a curse toe
 44582 | Crypt:3  | Reached XP level 22. HP: 152/232 MP: 42/42
 44752 | Crypt:3  | Killed a curse toe
 44794 | Crypt:3  | Found a basalt altar of Yredelemnul.
 44801 | Crypt:3  | Noticed a curse toe
 44813 | Crypt:3  | Found an ancient bone altar of Kikubaaqudgha.
 44894 | Crypt:3  | Killed a curse toe
 44936 | Crypt:3  | Found the +3 pair of seven-league boots {Rampage+∞}
 44984 | Crypt:3  | Found the +8 Vampire's Tooth {megavamp}
 45762 | Vaults:3 | Identified the +5 sling "Bisyac" {flame, rC+ Str+3 Dex-4}
 46442 | Vaults:4 | Found Uqeplo's Armour Boutique.
 46468 | Vaults:4 | Found a runed translucent gate.
 46470 | Vaults:4 | Found a runed translucent gate.
 46471 | Vaults:4 | Found a runed translucent gate.
 46472 | Vaults:4 | Noticed Kevimi's ghost (adept FeNe)
 46474 | Vaults:4 | Found a viscous altar of Jiyva.
 47439 | Elf:1    | Entered Level 1 of the Elven Halls
 47465 | Elf:1    | Found a radiant altar of Vehumet.
 47720 | Elf:1    | You are sucked into a shaft and drop 1 floor!
 47728 | Abyss:2  | Cast into level 2 of the Abyss (+2 flail of distortion)
 47842 | Abyss:2  | Found a corrupted altar of Lugonu.
 48054 | Abyss:3  | Found a corrupted altar of Lugonu.
 48055 | Abyss:3  | Found a corrupted altar of Lugonu.
 48068 | Elf:2    | Escaped the Abyss
 48482 | Elf:2    | Found a runed translucent gate.
 48482 | Elf:2    | Found a runed translucent gate.
 48483 | Elf:2    | Found a runed translucent gate.
 48911 | Elf:2    | Found Qeutylit's Weapon Boutique.
 48982 | Elf:2    | Identified the +4 morningstar of Grace {venom, rC+}
 49040 | Elf:2    | Reached XP level 23. HP: 240/240 MP: 44/44
 49074 | Elf:2    | Found an ancient bone altar of Kikubaaqudgha.
 49106 | Elf:2    | Found an ancient bone altar of Kikubaaqudgha.
 49316 | Elf:3    | Entered Level 3 of the Elven Halls
 50002 | Elf:3    | Identified the ring "Piokygac" {rF+ rN+ Int+6}
 50019 | Elf:3    | Identified the +6 long sword "Cissotoa" {heavy, MP+9 Str+2
                  | Int-3 SInv}
 50079 | Elf:3    | Identified the +2 leather armour of Resourcefulness {rC-
                  | rN++ Dex+3}
 50313 | Elf:3    | Identified the +5 great sword "Kakkarchi" {venom, +Blink
                  | Int+3}
 50342 | Elf:3    | Identified the ring of Songu {Wiz rC+}
 50457 | Elf:3    | Identified the +6 arbalest "Weetrac" {heavy, rCorr Str+3
                  | Stlth+}
 50471 | Elf:3    | Identified the staff of the Unseen Realm {Fragile +Blink
                  | rN++ SInv Conj}
 50473 | Elf:3    | Got Humij's Reference Book on the Commander
 50505 | Elf:3    | Identified the +1 arbalest of Optimality {heavy, Int+3}
 51149 | Elf:1    | Identified the amulet "Vor Pep" {Reflect Str+3 Dex+5 SH+5}
 51170 | Elf:1    | The Shining One protects you from harm!
 51650 | Elf:1    | Found a runed translucent gate.
 51650 | Elf:1    | Found a runed translucent gate.
 51650 | Elf:1    | Found a runed translucent gate.
 51650 | Elf:1    | Found a runed translucent gate.
 51650 | Elf:1    | Found a runed translucent gate.
 51667 | Elf:1    | Found a runed translucent gate.
 52165 | Depths:1 | Entered Level 1 of the Depths
 52229 | Depths:1 | Found a gateway to Hell.
 53068 | Depths:2 | Paralysed by a floating eye for 3 turns
 53069 | Depths:2 | HP: 4/240 [titan/the air (17)]
 53071 | Depths:2 | Hit by a large rock thrown by a stone giant

Illustrated notes

Levels and vault maps discovered:
D:1:      mrwooster_arrival_arrow, layout_loops_ring,
          dreamdust_ecumenical_altar_drowned_temple, minmay_tiny_reverse_x
D:2:      layout_basic
D:3:      layout_loops_ring, portal_sewer_entry_a, ebering_ghost_sewer_f,
          serial_shops, shop
D:4:      layout_loops_ring, kennysheep_okawaru_gauntlet,
          minmay_temple_entry_glassed_door, nicolae_the_louvre
D:5:      layout_layer_cave, serial_shops, nicolae_shop_gaudy_bauble,
          nicolae_shop_window_shopping, shop, nicolae_shop_statue_plus
D:6:      layout_loops_ring, chequers_temple_overflow_statue_of_worship,
          serial_shops, nicolae_diamond_shop, kennysheep_generic_room_14
D:7:      layout_cave_pools, lemuel_coloured_pillars_altar
D:8:      layout_basic, mainiacjoe_overflow_tiny_flanked, uniq_maggie,
          uniq_pikel
D:9:      layout_irregular_city, marbit_many_paths,
          mainiacjoe_overflow_concentric_impassable, tgw_xom, lair_entry_dummy
D:10:     nzn_winding_woodlands_medium [nzn_winding_woodlands_5x5_cross,
          nzn_winding_woodlands_5x15_garden, nzn_winding_woodlands_5x5_three,
          nzn_winding_woodlands_5x5_default,
          nzn_winding_woodlands_center_triple_pond,
          nzn_winding_woodlands_5x5_checkerboard,
          nzn_winding_woodlands_5x5_closed_star,
          nzn_winding_woodlands_5x15_pockets,
          nzn_winding_woodlands_5x5_open_star], layout_cross, orc_david_3,
          nicolae_shop_i_like_small_books_too, nicolae_looking_at_the_future
D:11:     layout_roguey, kennysheep_nub
D:12:     gammafunk_worm_tunnel, layout_loops_cross,
          portal_ice_cave_entry_animals_and_master, uniq_erolcha
D:13:     layout_gridville, uniq_josephine
D:14:     minmay_diamond_stairs, layout_basic, david_vaults_5,
          gammafunk_ghost_fury_of_okawaru
D:15:     grunt_enter_depths_snipers, layout_basic, serial_bayou_pond_d,
          grunt_dithmenos_shadows
Temple:   nicolae_temple_superstar
Lair:1:   layout_chaotic_city, grunt_megastairs_4, lemuel_fruit_tree,
          infiniplex_staircase_pool
Lair:2:   layout_regular_city, elwin_shoals_entry_rooms, st_stairs_12,
          infiniplex_staircase_pool_2
Lair:3:   layout_roguey, minmay_snake_entry_guardpost_small,
          grunt_forest_large_clearing_hut
Lair:4:   layout_regular_city, dpeg_slime_entry_enclosed, serial_bayou_lagoon_a
Lair:5:   wormcave, layout_cave_shapes, serial_bayou_shore_b
Shoals:1: cheibrodos_shoals_three_sisters, layout_shoals
Shoals:2: cheibrodos_shoals_baths, layout_shoals, serial_shops, bzr_firewalk,
          lemuel_centaur_altar
Shoals:3: layout_shoals, uniq_mara
Shoals:4: shoals_end_grunt_ice, layout_shoals
Snake:1:  layout_rooms, nicolae_snake_serpentine_bazaar, uniq_aizul
Snake:2:  layout_rooms, uniq_vashnia
Snake:3:  layout_onion_interference, basic_altar, uniq_asterion, uniq_jorgrun,
          uniq_louise
Snake:4:  snake_pit_salamanders_mu, layout_cave_town, grunt_ministairs_11,
          fake_guardian_serpent_vault, minmay_shoptagon, uniq_mlioglotl
Orc:1:    layout_caves, serial_shops, nicolae_shop_pleasant_corner_grove,
          basic_altar, uniq_urug
Orc:2:    st_orc_pillars, layout_diamond_mine
Elf:1:    eino_elf_arrival_altar, layout_loops_cross, orc_legates,
          kilobyte_rumbling_trees
Elf:2:    elven_hall_of_blades_hangedman_original
          [nicolae_blade_entry_floor_patterns], layout_loops_corners,
          serial_shops, shop, hangedman_feature_mirror
Elf:3:    elf_hall, layout_geoelf_diagonals
Vaults:1: st_eye, nicolae_vaults_steering_wheel, nicolae_vaults_diamond_1,
          vaults_room_grunt_arrival_checkpoint, v_rooms_3, v_misc_29,
          nicolae_vaults_heart-shaped_vault, nicolae_vaults_tangram_2,
          nicolae_vaults_network_star, nicolae_vaults_trapezoid_lopsided_1,
          nicolae_vaults_storage_room_statues, nicolae_vaults_double_plus_2,
          ontoclasm_vaults_gateway, vaults_mumra_chevron_long,
          nicolae_vaults_house_1, layout_vaults_maze
Vaults:2: v_misc_10, nicolae_vaults_layer_cake_slice,
          nicolae_vaults_tetromino_L_1, ontoclasm_vaults_fault,
          nicolae_vaults_little_squares_6, nicolae_vaults_more_shelving_1,
          nicolae_vaults_yaktaur_gun_rack, nicolae_vaults_shipping_containers_3,
          layout_vaults_omnigrid, serial_shops, nicolae_shop_drivethru
Vaults:3: minmay_crypt_entry_simple_plaza, nicolae_vaults_twisting_passages,
          vaults_standard_mumra_lines, nicolae_vaults_what_the_h, v_misc_30,
          nicolae_vaults_puzzle_piece, st_hourglassy,
          hangedman_vaults_river_flow, serial_ice_b, vaults_room_fancy_cross,
          ontoclasm_vaults_shuriken, vaults_dpeg_hooks, vaults_dpeg_diagonal,
          layout_vaults_omnibox
Vaults:4: gammafunk_ghost_ooze, ontoclasm_vaults_ligature, v_misc_4,
          nicolae_vaults_tetromino_L_2, v_alt_pattern_6, v_alt_pattern_1,
          hangedman_vaults_pinch, ontoclasm_vaults_bender, grunt_vaults_twisty,
          nicolae_vaults_tetromino_L_1, nicolae_vaults_double_plus_3,
          layout_vaults_ring, serial_shops, nicolae_shop_scrapyard
Crypt:1:  gammafunk_sealed_arena, layout_basic, uniq_frederick
Crypt:2:  layout_chaotic_city, serial_sigils, serial_sigils_hangedman_gut,
          serial_sigils_hangedman_gnaw, serial_sigils_hangedman_clutch,
          serial_sigils_hangedman_quiver, serial_sigils_hangedman_stare
Crypt:3:  lightli_unholy_cathedral, layout_chaotic_city,
          tomb_entry_simple_bobbens, gammafunk_ghost_arena, basic_altar
Depths:1: layout_cave_pools, hell_entry, hangedman_decor_opposing,
          hangedman_corner_corridor
Depths:2: hangedman_arch_fort, layout_cave_shapes, enter_ziggurat_a,
          tso_metal_star, grunt_pan_entry_in_and_out, hell_entry

Skill      XL: |  1  2  3  4  5  6  7  8  9 10 11 12 13 14 15 16 17 18 19 20 21 22 23 |
---------------+----------------------------------------------------------------------+-----
Ice Magic      | 5 6 7 8 9 10 12 13 15 16 17 18 19 20 21 | 21.0
Spellcasting   | 3 4 5 6 9 10 12 13 14 15 16 17 18 | 18.0
Fighting       | 2 7 11 13 15 16 17 18 19 20 21 | 21.3
Invocations    | 2 7 9 |  9.0
Long Blades    | 5 11 14 15 16 18 | 18.0
Shields        | 4 7 8 9 10 12 13 | 13.3
Dodging        | |  1.5
Stealth        | |  3.0

Action                     |  1- 3 |  4- 6 |  7- 9 | 10-12 | 13-15 | 16-18 | 19-21 | 22-24 || total
---------------------------+-------+-------+-------+-------+-------+-------+-------+-------++-------
  Melee: Quarterstaff      |       |    57 |   116 |   224 |   317 |       |       |       ||   714
         Constrict         |       |       |       |       |   208 |   194 |   230 |   200 ||   832
         Scimitar          |       |       |       |       |   560 |   871 |   767 |       ||  2198
         Eudemon blade     |       |       |       |       |       |       |   339 |   143 ||   482
         Long sword        |       |       |       |       |       |       |   104 |       ||   104
         Double sword      |       |       |       |       |       |       |       |   696 ||   696
   Cast: Freeze            |    19 |    14 |     2 |       |     3 |       |       |       ||    38
         Frozen Ramparts   |       |    22 |    31 |    60 |   126 |    78 |    38 |     9 ||   364
         Ozocubu's Armour  |       |     3 |    16 |    29 |    96 |    55 |    35 |    12 ||   246
         Summon Ice Beast  |       |       |       |    16 |    62 |    30 |    14 |     2 ||   124
         Ozocubu's Refrige |       |       |       |       |       |    64 |    55 |    31 ||   150
 Invoke: Heal Self         |       |       |       |       |       |    18 |     5 |       ||    23
         Divine Shield     |       |       |       |       |       |       |     1 |     4 ||     5
         Cleansing Flame   |       |       |       |       |       |       |     1 |       ||     1
         Brand Weapon With |       |       |       |       |       |       |     1 |       ||     1
         Summon Divine War |       |       |       |       |       |       |       |     1 ||     1
Ability: Spit Poison       |    20 |    13 |       |       |       |       |       |     1 ||    34
  Evoke: Wand              |       |       |       |     1 |     1 |     2 |       |       ||     4
         Phantom mirror    |       |       |       |       |     1 |     1 |     1 |       ||     3
    Use: Scroll            |       |     2 |       |    15 |     5 |     9 |    10 |    10 ||    51
         Potion            |       |       |       |       |       |     1 |     6 |     5 ||    12
   Stab: Sleeping          |       |     2 |     2 |       |     3 |     5 |     1 |       ||    13
         Distracted        |       |     1 |     2 |     1 |     4 |     7 |     1 |       ||    16
 Armour: Robe              |     5 |    37 |    34 |       |   413 |   397 |   608 |   308 ||  1802
         Leather armour    |       |       |    40 |   218 |   158 |       |       |       ||   416
  Dodge: Dodged            |     8 |    38 |    38 |   124 |   344 |   235 |   273 |   175 ||  1235
  Block: Buckler           |       |       |       |       |   226 |   491 |   620 |   459 ||  1796
         Reflection        |       |       |       |       |    12 |    79 |    51 |    41 ||   183

Table legend: (Time is in decaauts)
 A = Elapsed time spent in this place.
 B = Non-inter-level travel time spent in this place.
 C = Inter-level travel time spent in this place.
 D = Time resting spent in this place.
 E = Time spent auto-exploring this place.
 F = Levels seen in this place.
 G = Mean time per level.
                   A        B        C        D        E       F      G
               +--------+--------+--------+--------+--------+-----+--------+
         Total |  64470 |  60027 |   4443 |   3646 |  42458 |  48 | 1343.1 |
       Dungeon |  19209 |  16723 |   2486 |    480 |  13202 |  15 | 1280.6 |
        Temple |    138 |    130 |      8 |      0 |     85 |   1 |  138.0 |
          Lair |   8813 |   8130 |    683 |     52 |   6652 |   5 | 1762.6 |
        Shoals |   5921 |   5792 |    129 |     95 |   4439 |   4 | 1480.2 |
     Snake Pit |   7061 |   6881 |    180 |    959 |   4274 |   4 | 1765.2 |
  Orcish Mines |   2230 |   2127 |    103 |     56 |   1132 |   2 | 1115.0 |
   Elven Halls |   5216 |   4994 |    222 |    589 |   3117 |   3 | 1738.7 |
        Vaults |   8478 |   8094 |    384 |    895 |   5477 |   4 | 2119.5 |
         Crypt |   4014 |   3810 |    204 |    513 |   2191 |   3 | 1338.0 |
        Depths |   1121 |   1082 |     39 |      5 |    788 |   2 |  560.5 |
         Abyss |    399 |    399 |      0 |      0 |      8 |   2 |  199.5 |
        Bazaar |    399 |    399 |      0 |      0 |    211 |   1 |  399.0 |
         Sewer |    632 |    632 |      0 |      0 |    503 |   1 |  632.0 |
      Ice Cave |    832 |    832 |      0 |      0 |    375 |   1 |  832.0 |
               +--------+--------+--------+--------+--------+-----+--------+

Top non-repeatable levels by time:
 Snake:4: 2743 daAuts
Vaults:1: 2350 daAuts
    D:14: 2307 daAuts
Vaults:2: 2247 daAuts
Vaults:3: 2236 daAuts
   Elf:3: 2048 daAuts
Shoals:4: 2008 daAuts
  Lair:3: 1931 daAuts
  Lair:5: 1909 daAuts
  Lair:2: 1803 daAuts
    D:10: 1725 daAuts
 Crypt:3: 1659 daAuts
 Snake:1: 1644 daAuts
Vaults:4: 1644 daAuts
   Elf:2: 1636 daAuts
